Map: Graystone Ravine

Players

Юрий

  • Race: Terran Terran
  • Spawn Location: 11:00

Blackstar

  • Race: Protoss Protoss
  • Spawn Location: 9:00

DASBINICH

  • Race: Terran Terran
  • Spawn Location: 3:00

Gracz

  • Race: Terran Terran
  • Spawn Location: 5:00

VOD

Have the link to the VOD?

Description

Time

  • Played on: March 6, 2016, 3:06 p.m.
  • Length: 15:41
Show
View Real Time Build Order
Export as new Build Order

Юрий Terran 

Build Orders: Mech 

Get SALT Encoding   

  12  0:12  SCV  
  13  0:24  SCV  
  13  0:28  Supply Depot  
  14  0:36  SCV  
  15  0:49  SCV  
  16  0:52  Barracks  
  16  1:02  SCV  
  17  1:14  SCV  
  17  1:18  Command Center  
  18  1:26  SCV  
  18  1:31  Refinery  
  19  1:38  SCV  
  19  1:39  Refinery  
  20  1:47  Supply Depot  
  20  1:50  SCV  
  21  2:02  SCV  
  22  2:15  Bunker  
  22  2:16  Marine  
  22  2:19  Orbital Command  
  23  2:30  Engineering Bay  
  23  2:39  Factory  
  23  2:43  Marine  
  24  2:48  Orbital Command  
  24  2:55  SCV  
  25  3:02  Marine  
  26  3:07  SCV  
  27  3:15  Missile Turret x2  
  27  3:21  Missile Turret  
  27  3:23  Factory Tech Lab  
  27  3:30  Missile Turret  
  27  3:32  SCV  
  27  3:34  SCV  
  29  3:44  SCV  
  29  3:46  SCV  
  29  3:47  Siege Tank  
  34  3:56  Marine, SCV  
  34  3:58  SCV  
  34  4:02  Missile Turret  
  37  4:06  Missile Turret  
  37  4:14  Marine, SCV  
  39  4:19  Refinery  
  39  4:20  Siege Tank  
  39  4:22  SCV  
  39  4:23  Refinery  
  43  4:26  SCV  
  44  4:31  Marine  
  45  4:38  SCV  
  45  4:44  Factory  
  46  4:47  Factory  
  46  4:48  Factory  
  46  4:57  Missile Turret  
  46  5:25  Supply Depot  
  46  5:28  Supply Depot  
  46  5:30  Supply Depot  
  46  5:32  Supply Depot  
  46  5:34  Supply Depot  
  46  5:36  Supply Depot  
  46  5:37  Supply Depot  
  46  5:39  Supply Depot  
  46  5:41  Factory Tech Lab  
  46  5:42  Factory Tech Lab  
  46  5:43  Factory Tech Lab  
  46  5:47  Marine, Siege Tank, SCV  
  51  5:59  SCV  
  52  6:05  Siege Tank x2  
  52  6:06  Siege Tank  
  61  6:11  SCV  
  61  6:17  SCV  
  63  6:23  SCV  
  64  6:29  SCV  
  65  6:34  Command Center  
  65  6:39  Widow Mine x2  
  69  6:41  Widow Mine  
  69  6:43  Widow Mine  
  73  7:01  Armory  
  73  7:10  Widow Mine x3  
  73  7:12  Widow Mine  
  81  7:39  Widow Mine x2  
  81  7:42  Siege Tank x2  
  91  7:49  Planetary Fortress  
  91  7:55  Missile Turret  
  91  8:08  Siege Tank  
  97  8:14  Siege Tank  
  100  8:24  Siege Tank  
  98  8:46  Siege Tank  
  98  8:47  Siege Tank x2  
  96  9:14  Siege Tank  
  96  9:19  Siege Tank  
  96  9:20  Widow Mine x2  
  103  9:32  SCV  
  104  9:44  SCV  
  105  9:45  Widow Mine  
  105  9:48  Widow Mine x2  
  105  9:50  Widow Mine  
  96  9:56  SCV  
  83  10:08  SCV  
  84  10:14  Widow Mine  
  84  10:17  Widow Mine x2  
  84  10:19  Widow Mine  
  84  10:20  SCV  
  82  10:42  Widow Mine  
  82  10:46  Siege Tank x2  
  82  10:48  Siege Tank  
  93  11:21  Refinery  
  93  11:24  Refinery  
  93  11:49  Drilling Claws  
  93  12:06  SCV  
  84  12:14  Siege Tank  
  84  12:15  Siege Tank  
  86  12:42  Missile Turret  
  86  12:44  Missile Turret  
  86  12:45  Missile Turret  
  86  12:46  Missile Turret  
  86  12:54  Missile Turret  
  86  13:01  Missile Turret  
  86  13:03  Missile Turret  
  86  13:06  Missile Turret  
  86  13:07  Missile Turret  
  86  13:16  SCV  
  86  13:22  Siege Tank  
  86  13:23  Siege Tank  
  86  13:27  Siege Tank  
  86  13:54  Command Center  
  86  14:03  Command Center  
  86  14:35  Siege Tank  
  86  14:44  SCV  
  84  14:51  Missile Turret  
  81  14:55  Missile Turret  
  81  14:56  SCV  
  82  15:19  SCV  
  95  15:28  Missile Turret  
  95  15:31  Missile Turret  
  95  15:34  Missile Turret  
  96  15:36  Missile Turret  
Show
View Real Time Build Order
Export as new Build Order

Blackstar Protoss 

Build Orders:  

Get SALT Encoding   

  12  0:02  Probe (Chrono Boost)  
  13  0:17  Pylon  
  13  0:26  Probe (Chrono Boost)  
  14  0:36  Probe (Chrono Boost)  
  14  0:40  Gateway  
  15  0:47  Probe (Chrono Boost)  
  16  0:56  Pylon  
  16  0:58  Probe (Chrono Boost)  
  17  1:08  Assimilator, Probe (Chrono Boost)  
  18  1:17  Pylon  
  18  1:19  Probe (Chrono Boost)  
  19  1:30  Zealot  
  21  1:37  Probe (Chrono Boost)  
  22  1:48  Probe (Chrono Boost)  
  23  1:55  Forge  
  23  1:58  Probe (Chrono Boost)  
  23  1:59  Zealot  
  23  2:00  Assimilator  
  26  2:08  Gateway  
  26  2:27  Nexus  
  26  2:35  Pylon  
  26  2:42  Zealot  
  28  2:50  Probe (Chrono Boost)  
  29  2:59  Cybernetics Core  
  29  3:00  Probe (Chrono Boost)  
  29  3:05  Zealot  
  32  3:11  Probe (Chrono Boost)  
  33  3:17  Photon Cannon  
  33  3:37  Pylon, Stalker  
  33  3:38  Stalker  
  37  3:46  Probe (Chrono Boost)  
  38  3:56  Probe (Chrono Boost)  
  38  4:00  Photon Cannon  
  39  4:07  Probe (Chrono Boost)  
  40  4:12  Stalker x2  
  44  4:17  Probe (Chrono Boost)  
  45  4:27  Gateway  
  45  4:28  Probe (Chrono Boost)  
  46  4:33  Pylon  
  47  4:38  Probe (Chrono Boost)  
  47  4:40  Pylon  
  47  4:45  Pylon  
  47  4:49  Probe (Chrono Boost)  
  48  4:56  Robotics Facility  
  48  4:59  Probe (Chrono Boost)  
  49  5:18  Photon Cannon  
  49  5:22  Pylon  
  49  5:24  Probe (Chrono Boost)  
  50  5:34  Probe (Chrono Boost)  
  51  5:41  Pylon  
  51  5:45  Probe (Chrono Boost)  
  51  5:46  Assimilator  
  51  5:48  Assimilator  
  52  5:55  Probe (Chrono Boost)  
  53  5:59  Pylon  
  53  6:06  Protoss Ground Weapons Level 1, Probe (Chrono Boost)  
  53  6:07  Photon Cannon  
  54  6:14  Photon Cannon  
  54  6:16  Probe (Chrono Boost)  
  55  6:21  Immortal (Chrono Boost)  
  55  6:24  Robotics Facility  
  59  6:27  Probe  
  60  6:46  Gateway  
  60  7:02  Photon Cannon  
  60  7:17  Twilight Council  
  60  7:22  Pylon  
  60  7:24  Immortal (Chrono Boost)  
  60  7:26  Immortal (Chrono Boost)  
  68  7:33  Stalker  
  68  7:34  Stalker x2  
  68  7:35  Stalker  
  76  8:01  Protoss Ground Armor Level 1  
  76  8:04  Immortal x2 (Chrono Boost)  
  76  8:05  Nexus, Zealot x3  
  88  8:06  Zealot  
  88  8:08  Charge  
  92  8:38  Observer x2 (Chrono Boost)  
  94  8:56  Observer (Chrono Boost)  
  94  9:01  Probe  
  96  9:13  Probe  
  97  9:25  Assimilator, Probe  
  106  9:53  Immortal x2 (Chrono Boost)  
  106  9:55  Protoss Shields Level 1  
  104  10:27  Stalker x2  
  104  10:28  Stalker x2  
  110  10:30  Immortal (Chrono Boost)  
  110  10:31  Immortal (Chrono Boost)  
  120  10:58  Zealot  
  120  10:59  Zealot x3  
  127  11:25  Zealot  
  127  11:26  Zealot x3  
  135  11:42  Immortal (Chrono Boost)  
  135  11:45  Probe  
  140  11:56  Probe  
  141  12:15  Pylon  
  141  12:19  Pylon  
  141  12:27  Pylon  
  141  12:31  Probe, Photon Cannon  
  141  12:33  Zealot x3  
  141  12:37  Zealot  
  150  12:39  Photon Cannon  
  150  12:59  Stalker x2  
  150  13:00  Stalker  
  150  13:04  Stalker  
  158  13:29  Stalker x3  
  164  13:49  Pylon  
  164  13:55  Pylon  
  164  14:00  Pylon  
  164  14:07  Stalker x4  
  172  14:37  Stalker  
Show
View Real Time Build Order
Export as new Build Order

DASBINICH Terran 

Build Orders: Bio Tank 

Get SALT Encoding   

  12  0:01  SCV  
  13  0:15  SCV  
  14  0:22  Supply Depot  
  14  0:34  SCV  
  15  0:49  Barracks, SCV  
  16  1:02  SCV  
  17  1:07  Barracks  
  17  1:18  SCV  
  18  1:30  SCV  
  18  1:31  Command Center  
  19  1:38  Marine  
  20  1:47  Orbital Command  
  20  1:57  Supply Depot  
  20  1:59  Marine  
  20  2:00  Marine  
  22  2:05  Refinery  
  22  2:19  Marine x2  
  24  2:27  Barracks  
  24  2:29  SCV  
  25  2:35  Refinery  
  25  2:37  Marine x2  
  25  2:41  SCV  
  28  2:44  Orbital Command  
  28  2:54  Marine, SCV  
  28  2:55  Marine  
  31  3:01  Orbital Command  
  31  3:09  Engineering Bay  
  31  3:14  Barracks Tech Lab  
  31  3:15  Barracks Reactor  
  31  3:23  Barracks Reactor  
  31  3:29  SCV  
  31  3:31  SCV  
  33  3:35  Marine  
  33  3:37  Stimpack  
  34  3:41  SCV  
  34  3:43  Missile Turret, SCV  
  36  3:51  Factory  
  36  3:53  SCV  
  36  3:55  SCV  
  38  3:56  Marine x2  
  38  3:57  Marine  
  38  4:00  Marine x2  
  43  4:05  SCV  
  44  4:14  Missile Turret  
  44  4:15  Marine  
  44  4:16  Marine  
  46  4:23  Supply Depot  
  46  4:35  Factory Reactor  
  46  4:37  Starport  
  46  4:44  Marine, SCV x2  
  49  4:47  Supply Depot  
  49  4:52  Marine x4, Supply Depot  
  52  4:57  SCV  
  54  5:08  SCV  
  55  5:16  Factory  
  55  5:19  Factory Tech Lab  
  55  5:22  Medivac  
  55  5:23  Medivac  
  55  5:26  Marine x5  
  64  5:31  SCV  
  64  5:32  Refinery  
  64  5:34  SCV  
  66  5:38  Supply Depot  
  66  5:40  Supply Depot  
  66  5:42  Terran Infantry Weapons Level 1  
  66  5:43  SCV  
  66  5:44  Marine  
  68  5:51  SCV  
  68  5:55  Marine  
  70  5:59  Marine x3, SCV  
  74  6:05  Factory Tech Lab  
  74  6:11  Medivac  
  74  6:12  Medivac  
  74  6:18  Refinery  
  78  6:19  Marine x5  
  83  6:26  Barracks  
  83  6:27  SCV  
  83  6:29  SCV  
  83  6:30  Barracks  
  85  6:37  Marine, Supply Depot  
  85  6:38  Supply Depot  
  86  6:50  Command Center  
  86  6:59  Medivac x2, Siege Tank, SCV x2  
  95  7:07  Siege Tank  
  98  7:14  SCV  
  99  7:29  Medivac, Supply Depot x2  
  101  7:41  Marine  
  101  7:43  Barracks Reactor x2  
  102  7:50  Marine x4, Medivac  
  108  7:53  Siege Tank  
  108  7:56  Siege Tank  
  114  7:59  Marine  
  114  8:02  SCV  
  116  8:08  Marine x2  
  116  8:10  Combat Shields, Marine  
  119  8:17  Engineering Bay  
  119  8:19  Armory  
  118  8:20  Orbital Command  
  117  9:27  Marine x4  
  117  9:28  Marine x5  
  117  9:29  Siege Tank x2  
  132  9:44  Medivac  
  132  9:45  Marine  
  133  9:47  Medivac  
  90  10:03  Marine  
  90  10:04  Marine x7  
  90  10:05  Marine  
  90  10:06  Siege Tank x2  
  95  10:21  Marine  
  92  10:38  Siege Tank  
  91  11:06  SCV  
  91  11:11  Marine x6  
  92  11:12  Marine x3  
  92  11:14  Medivac x2  
  92  11:15  Siege Tank x2  
  92  11:18  SCV  
  112  11:29  Marine x9  
  112  11:30  SCV, Terran Infantry Weapons Level 2  
  112  11:31  Terran Infantry Armor Level 1  
  112  11:32  Terran Vehicle Weapons Level 1  
  122  11:34  Armory  
  122  11:36  Refinery  
  122  11:37  Refinery, SCV x2  
  124  11:42  SCV  
  124  11:46  Marine  
  126  11:47  Marine x3  
  128  11:54  SCV  
  129  12:06  SCV  
  130  12:19  Marine x2, SCV  
  133  12:22  Supply Depot  
  133  12:23  Supply Depot  
  133  12:24  Terran Vehicle And Ship Armor Level 1, Supply Depot  
  133  12:28  Supply Depot  
  133  12:44  Marine x6, SCV  
  140  12:56  SCV  
  140  13:08  SCV  
  140  13:12  Starport  
  140  13:13  Starport  
  140  13:14  Starport  
  140  13:15  Starport  
  140  13:21  Liberator x2  
  140  13:39  Liberator  
  140  13:40  Liberator x3  
  158  14:14  Command Center  
  158  14:17  Marine x4  
  158  14:18  Marine x3, Supply Depot  
  165  14:31  Marine  
Show
View Real Time Build Order
Export as new Build Order

Gracz Terran 

Build Orders:  

Get SALT Encoding   

  12  0:01  SCV  
  13  0:15  SCV  
  13  0:21  Refinery  
  14  0:27  SCV  
  15  0:38  Supply Depot  
  15  1:00  SCV  
  16  1:06  Barracks  
  16  1:12  SCV  
  17  1:24  SCV  
  18  1:43  Barracks  
  18  1:49  Barracks  
  18  1:55  Barracks Reactor  
  18  2:01  Engineering Bay  
  18  2:03  SCV  
  18  2:05  Refinery  
  19  2:36  Marine x2, Sensor Tower  
  21  2:39  Barracks Reactor  
  21  2:44  Orbital Command  
  21  2:52  Barracks Reactor  
  21  3:16  Marine x2  
  23  3:48  Supply Depot  
  23  4:02  Command Center  
  23  4:09  Marine x2  
  26  4:10  SCV  
  26  4:11  Marine x2  
  26  4:12  Marine x2  
  30  4:22  SCV  
  31  4:28  Factory  
  31  5:01  Supply Depot  
  31  5:13  Marine x6  
  31  5:14  SCV  
  38  5:15  Barracks  
  38  5:21  Factory Tech Lab  
  38  5:23  Starport  
  38  5:30  Orbital Command  
  38  5:31  Marine x6, Refinery  
  44  5:38  Supply Depot  
  44  5:48  Building Armor  
  44  5:49  Marine  
  45  6:04  Medivac  
  47  6:08  Starport  
  47  6:14  SCV  
  48  6:21  SCV  
  49  6:29  Barracks Tech Lab  
  49  6:33  SCV  
  49  6:37  Barracks  
  50  6:41  Supply Depot  
  50  6:47  Starport Reactor  
  50  6:52  Starport Tech Lab  
  50  6:58  Starport  
  50  7:08  Supply Depot  
  50  7:23  Engineering Bay  
  50  7:29  Barracks Tech Lab  
  50  7:31  Armory  
  50  7:38  Armory  
  50  7:42  Stimpack  
  50  7:44  Marine x3  
  50  7:47  Marauder  
  55  7:54  SCV  
  56  8:07  SCV  
  56  8:08  Medivac x2  
  56  8:09  Marauder  
  63  8:16  Marauder  
  63  8:17  Combat Shields  
  63  8:19  SCV  
  66  8:30  Marauder  
  68  8:38  Marauder  
  70  8:46  Marine x2  
  72  8:51  Marauder  
  74  8:59  Marauder  
  76  9:13  Marauder  
  77  9:26  Marauder  
  72  9:33  Marine x6  
  78  9:42  Marauder  
  78  9:43  Supply Depot  
  80  9:51  Marine x6  
  54  10:08  Marine  
  54  10:09  Marine  
  52  10:21  Marine x4  
  52  10:45  Supply Depot  
  52  10:50  Starport Tech Lab  
  52  10:59  Fusion Core  
  52  11:10  Banshee  
  55  11:11  Banshee  
  55  11:13  Medivac x2  
  62  11:30  Supply Depot  
  62  11:53  Banshee  
  65  11:54  Banshee  
  68  12:03  Marine x3  
  68  12:04  Marine x4  
  68  12:05  Marauder  
  77  12:21  Marine  
  77  12:22  Marauder  
  80  12:26  Marauder  
  82  12:36  High Capacity Fuel Tanks  
  82  12:38  Terran Infantry Armor Level 1, Terran Infantry Weapons Level 1  
  82  12:40  Terran Vehicle Weapons Level 1  
  82  12:41  Terran Vehicle And Ship Armor Level 1  
  82  12:44  Marauder  
  84  12:47  Marauder  
  84  12:49  Supply Depot  
  86  13:05  Marauder  
  88  13:09  Marauder  
  90  13:26  Marauder  
  60  13:30  Marauder  
  60  13:34  Marine x6  
  50  13:51  Marine x2  
  50  13:52  Marine x4  
  56  14:05  Refinery  
  56  14:09  Marine x3  
  58  14:10  Marine x3  
  62  14:27  Marine x5  
  62  14:28  Marine  
  68  14:45  Marine x6  
  40  15:03  Marine  
  35  15:07  Marine x4  
  35  15:08  Marine  
  36  15:20  Marine  
Tags
 
Add a new tag
Caveats
  • Supply blocks, unpowered buildings, or Contaminate may cause inaccurate times.
  • Supply counts are checked every 10 seconds.